 Dungeon Crawl Stone Soup version 0.29.0-4-gdea44cf6ec (webtiles) character file.

Game seed: 6888484587506901384

550 qw the Chopper (level 7, 0/54 HPs)
             Began as a Demonspawn Cinder Acolyte on Sept 9, 2022.
             Was a High Priest of Ignis.
             Slain by a centaur (2 damage)
             ... on level 4 of the Dungeon.
             The game lasted 00:01:16 (4011 turns).

qw the Chopper (Demonspawn Cinder Acolyte)          Turns: 4011, Time: 00:01:16

Health: 0/54       AC: 15    Str: 19    XL:     7   Next: 7%
Magic:  8/8        EV: 10    Int: 15    God:    Ignis [*****.]
Gold:   221        SH:  0    Dex:  9    Spells: 8/8 levels left

rFire   + . .      SeeInvis .   i - +1 hand axe (flame)
rCold   + . .      Faith    .   (no shield)
rNeg    + + +      Spirit   .   o - +2 ring mail of Kunes {+Inv rC+ rN++ Str+3}
rPois   .          Reflect  .   (no helmet)
rElec   .          Harm     .   (no cloak)
rCorr   .          Rampage  .   (no gloves)
Will    .....                   (no boots)
Stlth   ..........              (no amulet)
HPRegen 0.18/turn               b - ring of positive energy
MPRegen 0.22/turn               (no ring)

@: fiery-armoured
A: hooves 1, spiny 1, magic regeneration, sharp scales 1
a: Renounce Religion, Evoke Invisibility, Fiery Armour, Foxfire Swarm, Rising
Flame


You were on level 4 of the Dungeon.
You worshipped Ignis.
Ignis was extremely pleased with you.
You visited 1 branch of the dungeon, and saw 4 of its levels.

You collected 221 gold pieces.


Innate Abilities, Weirdness & Mutations

You have large cloven feet.
You are partially covered in sharp spines.
You regenerate magic rapidly.
You are partially covered in razor-sharp scales. (AC +1, Slay +1)


   Skills:
 - Level 4.2 Fighting
 + Level 6.5 Axes
 - Level 1.2 Armour
 - Level 1.0 Dodging
 - Level 1.0 Spellcasting
 - Level 2.6 Fire Magic


You had 8 spell levels left.
You didn't know any spells.
Your spell library contained the following spells:

 Spells                   Type           Power      Damage    Failure   Level
 Scorch                   Fire           16%        2d5       22%         2

Inventory:

Hand Weapons
 i - a +1 hand axe of flaming (weapon)
Armour
 d - a +0 chain mail
 o - the +2 ring mail of Kunes (worn) {+Inv rC+ rN++ Str+3}
   (You found it on level 2 of the Dungeon)

   Str:       It affects your strength (+3).
   rC:        It protects you from cold.
   rN:        It greatly protects you from negative energy.
   +Inv:      It lets you turn invisible.
Jewellery
 b - a ring of positive energy (left hand)
 e - a ring of ice
Scrolls
 c - a scroll of enchant armour
 j - a scroll of silence {unknown}
Potions
 a - a potion of invisibility {unknown}
 f - a potion of degeneration {unknown}
 g - a potion of magic {unknown}
 h - a potion of berserk rage {unknown}
 k - 2 potions of might {unknown}
 l - a potion of resistance {unknown}
 m - a potion of mutation {unknown}

Dungeon Overview and Level Annotations

Branches:
Dungeon (4/15)
 Temple: D:4-7

Altars:
Cheibriados
Fedhas
Kikubaaqudgha
Makhleb
Trog
Wu Jian


Message History

The centaur hits you but does no damage.
The centaur is burned by your cloak of flames.
The centaur is lightly wounded.
The centaur kicks you but does no damage.
The centaur is burned by your cloak of flames.
The centaur is moderately wounded.
The centaur shoots an arrow.
The arrow hits you.
The centaur shoots an arrow.
The arrow hits you. The centaur is struck by your spines.
The centaur hits you but does no damage.
The centaur is burned by your cloak of flames.
The centaur is severely wounded.
The centaur kicks you but does no damage.
The centaur is burned by your cloak of flames.
The centaur is severely wounded.
You closely miss the centaur.
The centaur is severely wounded.
The centaur hits you but does no damage.
The centaur barely misses you.
You hit the centaur. You burn the centaur.
You kill the centaur!
You completely miss the centaur.
The centaur unwields a +0 shortbow.
The centaur hits you but does no damage.
The centaur is burned by your cloak of flames.
The centaur is lightly wounded.
The centaur barely misses you.
You have reached level 7!
You hit the centaur. You burn the centaur.
The centaur is moderately wounded.
The centaur is struck by your spines.
The centaur hits you but does no damage.
The centaur is burned by your cloak of flames.
The centaur is heavily wounded.
The centaur barely misses you.
An orc comes into view. It is wielding a +0 short sword.
The centaur barely misses you. The centaur closely misses you.
You hit the centaur. You burn the centaur. You kick the centaur.
The centaur is severely wounded.
The centaur hits you.
You die...

#.. #..
#####..##
........# #
........o .
........# #
......)c# #@# #
#.## # #))#####
# ##.....## #
#####..### #
#......### ####
#........# #...
#......#)###...
#......#.)##...


You could see a centaur and an orc.

Vanquished Creatures
  An ice beast (D:4)
  An ogre (D:4)
  A centaur (D:4)
  A howler monkey (D:4)
  An orc priest (D:3)
  Jessica (D:2)
  An orc wizard (D:4)
  3 gnolls (D:2)
  5 adders
  3 dart slugs
  2 worms
  7 orcs
  6 bats
  7 endoplasms
  A giant cockroach (D:2)
  5 hobgoblins (D:4)
  11 jackals
  7 kobolds
  5 quokkas
  4 ball pythons
  3 frilled lizards
  12 goblins
  3 rats
91 creatures vanquished.

Vanquished Creatures (others)
  5 withered plants (D:4)
5 creatures vanquished.

Grand Total: 96 creatures vanquished

Notes
Turn   | Place    | Note
-------+----------+-------------------------------------------
     0 | D:1      | qw the Demonspawn Cinder Acolyte began the quest for the
                  | Orb.
     0 | D:1      | Reached XP level 1. HP: 18/18 MP: 2/2
     0 | D:1      | 0 ||| qw: Version: 0.1-a-113-g051387a
     0 | D:1      | 0 ||| qw: Game counter: 7353
     0 | D:1      | 0 ||| qw: Always use a shield: true
     0 | D:1      | 0 ||| qw: God list: Okawaru
     0 | D:1      | 0 ||| qw: Allow faded altars: false
     0 | D:1      | 0 ||| qw: Do Orc after D:15 true
     0 | D:1      | 0 ||| qw: Do second Lair branch before Depths: true
     0 | D:1      | 0 ||| qw: Lair rune preference: random
     0 | D:1      | 0 ||| qw: Plans: Normal
     0 | D:1      | 0 ||| PLANNING D:1-11
    17 | D:1      | 17 ||| Stepping ~*~*~tactically~*~*~ (hiding).
    99 | D:1      | Reached skill level 3 in Axes
   230 | D:1      | Gained mutation: You have large cloven feet. [demonic
                  | ancestry]
   230 | D:1      | Reached XP level 2. HP: 21/24 MP: 3/3
   433 | D:1      | 433 ||| Stepping ~*~*~tactically~*~*~ (stealth).
   441 | D:1      | 441 ||| INVOKING Fiery Armour.
   441 | D:1      | HP: 6/24 [dart slug/slug dart (1)]
   995 | D:1      | You fall into a shaft and drop 1 floor!
  1013 | D:2      | 1013 ||| Stepping ~*~*~tactically~*~*~ (stealth).
  1022 | D:2      | Gained mutation: You regenerate magic rapidly. [demonic
                  | ancestry]
  1022 | D:2      | Reached XP level 3. HP: 18/29 MP: 4/4
  1184 | D:2      | 1184 ||| Stepping ~*~*~tactically~*~*~ (stealth).
  1185 | D:2      | 1185 ||| Stepping ~*~*~tactically~*~*~ (stealth).
  1186 | D:2      | 1186 ||| Stepping ~*~*~tactically~*~*~ (stealth).
  1187 | D:2      | 1187 ||| Stepping ~*~*~tactically~*~*~ (stealth).
  1197 | D:2      | 1197 ||| Stepping ~*~*~tactically~*~*~ (stealth).
  1208 | D:2      | Reached skill level 4 in Axes
  1370 | D:2      | 1370 ||| Stepping ~*~*~tactically~*~*~ (stealth).
  1371 | D:2      | 1371 ||| Stepping ~*~*~tactically~*~*~ (stealth).
  1459 | D:2      | 1459 ||| INVOKING Fiery Armour.
  1465 | D:2      | Reached skill level 1 in Dodging
  1468 | D:2      | Gained mutation: You are partially covered in razor-sharp
                  | scales. (AC +1, Slay +1) [demonic ancestry]
  1468 | D:2      | Reached XP level 4. HP: 11/35 MP: 5/5
  1730 | D:2      | Identified the +9 short sword "Eveherhu" {freeze, *Rage
                  | Str+4 Int+4 SInv}
  1761 | D:2      | Noticed Jessica
  1770 | D:2      | Killed Jessica
  1781 | D:2      | 1781 ||| Stepping ~*~*~tactically~*~*~ (stealth).
  1783 | D:2      | 1783 ||| Stepping ~*~*~tactically~*~*~ (stealth).
  1788 | D:2      | 1788 ||| Stepping ~*~*~tactically~*~*~ (stealth).
  1812 | D:2      | Identified the +2 ring mail of Kunes {+Inv rC+ rN++ Str+3}
  1816 | D:2      | 1816 ||| UPGRADING to +0 chain mail.
  1826 | D:2      | 1826 ||| DROPPING +0 robe.
  1827 | D:2      | 1827 ||| UPGRADING to +2 ring mail of Kunes {+Inv rC+ rN++
                  | Str+3}.
  1837 | D:2      | 1837 ||| READING scroll labelled TUSTOTADEI.
  1838 | D:2      | 1838 ||| READING scroll labelled ZINKA VEET.
  1839 | D:2      | 1839 ||| READING scroll labelled FATWEO XIHI.
  1840 | D:2      | 1840 ||| READING scroll labelled VUONGA ITOPRE.
  1841 | D:2      | 1841 ||| READING scroll labelled KINU WY RIREN.
  1842 | D:2      | 1842 ||| READING scroll labelled GIAWIV FO XUU.
  2169 | D:1      | 2169 ||| UPGRADING to ring of positive energy.
  2202 | D:2      | 2202 ||| STAIRDANCE
  2206 | D:1      | Reached skill level 5 in Axes
  2287 | D:2      | Gained mutation: You are partially covered in sharp spines.
                  | [demonic ancestry]
  2287 | D:2      | Reached XP level 5. HP: 37/41 MP: 6/6
  2543 | D:2      | 2543 ||| DROPPING orb of light.
  2576 | D:3      | Found an ornate altar of the Wu Jian Council.
  2672 | D:3      | Found a snail-covered altar of Cheibriados.
  3234 | D:3      | Found a blossoming altar of Fedhas.
  3427 | D:3      | 3427 ||| READING scroll labelled ZIROIXTOLE.
  3428 | D:3      | 3428 ||| DRINKING 2 brown potions.
  3429 | D:3      | 3429 ||| DROPPING potion of attraction.
  3486 | D:4      | 3486 ||| Stepping ~*~*~tactically~*~*~ (stealth).
  3499 | D:4      | 3499 ||| Stepping ~*~*~tactically~*~*~ (stealth).
  3500 | D:4      | 3500 ||| Stepping ~*~*~tactically~*~*~ (stealth).
  3521 | D:4      | Noticed an ice beast
  3533 | D:4      | Killed an ice beast
  3534 | D:4      | Reached skill level 6 in Axes
  3534 | D:4      | Reached XP level 6. HP: 40/47 MP: 7/7
  3579 | D:4      | Found a burning altar of Makhleb.
  3692 | D:4      | 3692 ||| Stepping ~*~*~tactically~*~*~ (stealth).
  3693 | D:4      | 3693 ||| Stepping ~*~*~tactically~*~*~ (stealth).
  3705 | D:4      | Reached skill level 1 in Armour
  3822 | D:4      | Found a bloodstained altar of Trog.
  3849 | D:4      | Found an ancient bone altar of Kikubaaqudgha.
  3947 | D:4      | 3947 ||| Stepping ~*~*~tactically~*~*~ (hiding).
  3978 | D:4      | 3978 ||| SWAPPING to +1 hand axe of flaming.
  3979 | D:4      | 3979 ||| DROPPING +0 hand axe of flaming.
  3990 | D:4      | 3990 ||| Stepping ~*~*~tactically~*~*~ (stealth).
  3992 | D:4      | 3992 ||| Stepping ~*~*~tactically~*~*~ (stealth).
  4005 | D:4      | HP: 11/48 [centaur/arrow (15)]
  4006 | D:4      | 4006 ||| INVOKING Fiery Armour.
  4007 | D:4      | HP: 5/48 [centaur/arrow (3)]
  4007 | D:4      | HP: 1/48 [centaur/arrow (4)]
  4010 | D:4      | Reached XP level 7. HP: 2/54 MP: 8/8
  4011 | D:4      | Slain by a centaur

Levels and vault maps discovered:
D:1:      erik_arrival_cave_to_civilisation [erik_arrival_cave_to_hall],
          layout_basic, kennysheep_doodads
D:2:      layout_rooms, uniq_jessica
D:3:      layout_basic, mainiacjoe_overflow_small_starburst, fedhas_altar_4,
          mainiacjoe_overflow_paths
D:4:      layout_basic, kiku_gazebo_garden_becter,
          mainiacjoe_overflow_boulevard, overflow_temple_1_default,
          grunt_ministairs_1, minmay_manual_mares

Skill      XL: |  1  2  3  4  5  6 |
---------------+-------------------+-----
Axes           | 3 4 5 6 |  6.5
Dodging        | 1 |  1.0
Armour         | 1 |  1.2
Fighting       | 4 |  4.2
Spellcasting   | |  1.0
Fire Magic     | |  2.6

Action                   |  1- 3 |  4- 6 |  7- 9 || total
-------------------------+-------+-------+-------++-------
Melee: Hand axe          |    95 |   131 |     2 ||   228
       Punch             |     1 |     1 |       ||     2
       Kick              |    12 |    25 |     1 ||    38
Invok: Fiery Armour      |     2 |     1 |       ||     3
  Use: Scroll            |       |     7 |       ||     7
       Potion            |       |     1 |       ||     1
 Stab: Sleeping          |       |     1 |       ||     1
Armor: Robe              |    23 |     1 |       ||    24
       Ring mail         |       |    44 |     1 ||    45
Dodge: Dodged            |    74 |    54 |     3 ||   131

Table legend:
 A = Non-vault XP
 B = Vault XP
 C = Vault XP percentage of total XP
 D = Non-vault monster count
 E = Vault monster count
 F = Vault count percentage of total count
                 A         B        C        D         E       F
            +---------+---------+-------+---------+---------+-------
      Total |     631 |     156 |  19.8 |      85 |       6 |   6.6
            +---------+---------+-------+---------+---------+-------
        D:1 |      53 |       3 |   5.4 |      21 |       2 |   8.7
        D:2 |     114 |      37 |  24.5 |      28 |       1 |   3.4
        D:3 |      74 |       0 |   0.0 |      13 |       0 |   0.0
        D:4 |     390 |     116 |  22.9 |      23 |       3 |  11.5
            +---------+---------+-------+---------+---------+-------
